 Dungeon Crawl Stone Soup version 0.29-a0-892-g2c4c91d9db (webtiles) character file.

Game seed: 4135159266262787575

453 kevlar127 the Ruffian (level 6, -8/94 HPs)
             Began as a Troll Berserker on July 22, 2022.
             Was a Believer of Trog.
             Mangled by an ogre
             ... wielding a +0 giant club
              (24 damage)
             ... on level 5 of the Dungeon.
             The game lasted 00:05:22 (3173 turns).

kevlar127 the Ruffian (Troll Berserker)             Turns: 3173, Time: 00:05:24

Health: -8/94      AC:  4    Str: 28    XL:     6   Next: 75%
Magic:  5/5        EV: 10    Int:  3    God:    Trog [**....]
Gold:   173        SH:  0    Dex:  9    Spells: 5/5 levels left

rFire   . . .      SeeInvis .     - Unarmed
rCold   . . .      Faith    .   (no shield)
rNeg    . . .      Spirit   .   a - +0 animal skin
rPois   .          Reflect  .   (helmet restricted)
rElec   .          Harm     .   (no cloak)
rCorr   .          Rampage  .   (gloves unavailable)
Will    .....                   (boots unavailable)
Stlth   ..........              f - amulet of regeneration
HPRegen 1.85/turn               n - ring of flight
MPRegen 0.09/turn               (no ring)

@: berserking, flying, very quick
A: large, unfitting armour, claws 3, regeneration 1, shaggy fur 1, tough skin 1
a: Renounce Religion, Berserk, Trog's Hand


You were on level 5 of the Dungeon.
You worshipped Trog.
Trog was pleased with you.
You visited 1 branch of the dungeon, and saw 5 of its levels.

You collected 173 gold pieces.

Inventory:

Missiles
 c - 61 stones (quivered)
 d - 2 javelins
 e - 4 boomerangs
 m - 11 poisoned darts
Armour
 a - a +0 animal skin (worn)
Jewellery
 f - an amulet of regeneration (around neck)
 n - a ring of flight (left claw)
 o - an amulet of reflection
Wands
 v - a wand of acid (14)
Scrolls
 b - 2 scrolls of vulnerability {unknown}
 i - 3 scrolls of blinking {unknown}
 k - a scroll of enchant armour {unknown}
 q - 4 scrolls of teleportation {unknown}
 r - a scroll of identify {unknown}
 s - a scroll of brand weapon {unknown}
Potions
 g - a potion of flight {unknown}
 h - a potion of cancellation {unknown}
 j - a potion of experience {unknown}
 l - a potion of degeneration {unknown}
 p - a potion of resistance {unknown}
 t - a potion of brilliance {unknown}
 u - a potion of might {unknown}


   Skills:
 + Level 4.6 Fighting
 - Level 3.0 Dodging
 + Level 5.6 Unarmed Combat


You had 5 spell levels left.
You didn't know any spells.
Your spell library was empty.

Dungeon Overview and Level Annotations

Branches:
Dungeon (5/15)             Temple (0/1) D:4

Altars:
Fedhas
Trog
Uskayaw

Shops:
D:4 *


Innate Abilities, Weirdness & Mutations

You are too large for most types of armour.
You have claws for hands.
Your natural rate of healing is unusually fast.
You are covered in fur. (AC +1)
You have tough skin. (AC +1)


Message History

You are too injured to fight recklessly!
You are too injured to fight recklessly!
You are too injured to fight recklessly!
You are too injured to fight recklessly!
You are too injured to fight recklessly!
You are too injured to fight recklessly!
You are too injured to fight recklessly!
You are too injured to fight recklessly!
You are too injured to fight recklessly!
You are too injured to fight recklessly!
You are too injured to fight recklessly!
You are too injured to fight recklessly!
You are too injured to fight recklessly!
You are too injured to fight recklessly!
You are too injured to fight recklessly!
You are too injured to fight recklessly!
You are too injured to fight recklessly!
You are too injured to fight recklessly!
You are too injured to fight recklessly!
You are too injured to fight recklessly!
You are too injured to fight recklessly!
You are too injured to fight recklessly!
You are too injured to fight recklessly!
You are too injured to fight recklessly!
You are too injured to fight recklessly!
You are too injured to fight recklessly!
You are too injured to fight recklessly!
Unknown command.
A red film seems to cover your vision as you go berserk!
You feel yourself moving faster!
You feel mighty! The ufetubus closely misses you.
The ufetubus barely misses you. The iguana bites you.
* * * LOW HITPOINT WARNING * * *
The ufetubus barely misses you. The ufetubus hits you.
* * * LOW HITPOINT WARNING * * *
You claw the ogre!
The ogre is moderately wounded.
The iguana closely misses you.
The ogre hits you with a +0 giant club!!
You die...

...... ....# ......
.....# .W.). ....#
#... #...#
.###...###...#
.............#
......O5.....#
......l@.....#
.............#
..####..####.#
#..####.###########
....................
.....................
......................
......................
.≈≈≈≈≈>............


You could see an ogre, a phantom, an iguana and an ufetubus.

Vanquished Creatures
  An ogre (D:4)
  Blork the orc (D:4)
  The ghost of logorrheac the Chopper, a weakling TrBe of Trog (D:3)
  An orc priest (D:3)
  2 iguanas (D:4)
  9 adders
  An ufetubus (D:4)
  A dart slug (D:4)
  8 orcs (D:3)
  5 ball pythons
  7 bats
  3 endoplasms
  9 giant cockroaches
  6 hobgoblins
  5 quokkas
  9 frilled lizards
  3 goblins
  3 kobolds
  5 rats
80 creatures vanquished.

Notes
Turn   | Place    | Note
-------+----------+-------------------------------------------
     0 | D:1      | kevlar127 the Troll Berserker began the quest for the Orb.
     0 | D:1      | Reached XP level 1. HP: 22/22 MP: 0/0
   153 | D:1      | Reached XP level 2. HP: 29/29 MP: 1/1
   272 | D:1      | Found a faded altar of an unknown god.
   800 | D:2      | Reached XP level 3. HP: 36/36 MP: 2/2
   859 | D:2      | Reached ** piety under Trog
  1156 | D:2      | Reached XP level 4. HP: 45/45 MP: 3/3
  1666 | D:3      | Found a transporter.
  1676 | D:3      | Noticed logorrheac's ghost (weakling TrBe)
  1745 | D:3      | Found a transporter.
  1837 | D:3      | Reached skill level 4 in Unarmed Combat
  2143 | D:3      | Reached XP level 5. HP: 46/53 MP: 4/4
  2466 | D:3      | Killed logorrheac's ghost
  2624 | D:4      | Reached skill level 5 in Unarmed Combat
  2624 | D:4      | Reached XP level 6. HP: 62/62 MP: 5/5
  2673 | D:4      | Noticed Blork the orc
  2685 | D:4      | Killed Blork the orc
  2753 | D:4      | Found a bloodstained altar of Trog.
  2754 | D:4      | Found a blossoming altar of Fedhas.
  2765 | D:4      | Found Gozy's Gadget Gallery.
  2878 | D:4      | Found a staircase to the Ecumenical Temple.
  3098 | D:4      | Found a hide-covered altar of Uskayaw.
  3147 | D:5      | Entered Level 5 of the Dungeon
  3173 | D:5      | Mangled by an ogre

Illustrated notes

Levels and vault maps discovered:
D:1:      dreamdust_arrival_sigmund_warning, layout_basic,
          ebering_ecumenical_altar_abandoned
D:2:      minmay_spotlight, layout_basic
D:3:      layout_loops_ring, gammafunk_ghost_arena
D:4:      layout_cave_pools, mainiacjoe_overflow_alcove_1,
          nicolae_overflow_two_pavilions, minmay_temple_entry_fiery,
          nicolae_shop_gadgets, uniq_blork_the_orc
D:5:      layout_gridville, kennysheep_mini_moat,
          nicolae_ossuary_entry_false_entrances, kennysheep_pointless_box

Skill      XL: |  1  2  3  4  5 |
---------------+----------------+-----
Dodging        | 3 |  3.0
Fighting       | 3 4 |  4.6
Unarmed Combat | 4 5 |  5.6

Action                   |  1- 3 |  4- 6 || total
-------------------------+-------+-------++-------
Melee: Unarmed           |    94 |   150 ||   244
       Punch             |       |     3 ||     3
Invok: Trog's Hand       |       |     1 ||     1
       Berserk           |       |     2 ||     2
Armor: Animal skin       |    32 |    37 ||    69
Dodge: Dodged            |    47 |    74 ||   121

Table legend: (Time is in decaauts)
 A = Elapsed time spent in this place.
 B = Non-inter-level travel time spent in this place.
 C = Inter-level travel time spent in this place.
 D = Time resting spent in this place.
 E = Time spent auto-exploring this place.
 F = Levels seen in this place.
 G = Mean time per level.
                   A        B        C        D        E       F      G
               +--------+--------+--------+--------+--------+-----+--------+
         Total |   3164 |   2806 |    358 |     50 |   2217 |   5 |  632.8 |
       Dungeon |   3164 |   2806 |    358 |     50 |   2217 |   5 |  632.8 |
               +--------+--------+--------+--------+--------+-----+--------+

Top non-repeatable levels by time:
     D:2: 1116 daAuts
     D:3: 798 daAuts
     D:4: 626 daAuts
     D:1: 597 daAuts
     D:5: 25 daAuts
